Map: Cyber Forest LE

Players

Serral

  • Race: Zerg Zerg
  • League: Master
  • Spawn Location: 5:00

Elazer - Winner!

  • Race: Zerg Zerg
  • Spawn Location: 11:00

Event: 2019 WCS Winter Europe

VOD

Have the link to the VOD?

Description

Time

  • Played on: March 24, 2019, 10:45 a.m.
  • Length: 7:52

All games in this series

Show
View Real Time Build Order
Export as new Build Order

Serral Zerg 

Build Orders: Hatch First 

Get SALT Encoding   

  12  0:01  Drone  
  13  0:12  Overlord  
  13  0:16  Drone  
  14  0:30  Drone  
  14  0:31  Drone  
  16  0:48  Hatchery  
  15  0:51  Drone  
  15  0:55  Drone  
  17  1:09  Spawning Pool  
  16  1:13  Extractor, Drone  
  16  1:17  Drone  
  17  1:20  Drone  
  18  1:28  Drone  
  19  1:38  Drone  
  20  1:51  Overlord  
  20  1:56  Queen  
  20  2:00  Queen  
  24  2:02  Drone x2  
  26  2:12  Drone x2  
  28  2:22  Drone x2  
  30  2:35  Hatchery  
  29  2:38  Drone  
  29  2:41  Zergling x2  
  31  2:44  Overlord  
  31  2:47  Drone  
  32  2:53  Drone  
  32  2:54  Drone  
  34  3:00  Evolution Chamber  
  34  3:05  Drone x4  
  37  3:10  Roach Warren  
  37  3:11  Drone  
  37  3:15  Overlord  
  37  3:17  Drone x2  
  37  3:18  Drone  
  40  3:25  Extractor, Zerg Missile Weapons Level 1  
  40  3:26  Drone  
  40  3:28  Drone  
  41  3:36  Drone x2  
  41  3:37  Drone x2  
  45  3:42  Extractor  
  44  3:50  Roach  
  44  3:51  Roach x3  
  44  3:53  Overlord  
  52  4:00  Roach  
  52  4:02  Roach  
  57  4:07  Overlord  
  57  4:09  Overlord  
  57  4:18  Overlord  
  57  4:20  Roach x2  
  57  4:23  Lair  
  59  4:26  Overlord  
  59  4:28  Spine Crawler  
  59  4:29  Roach  
  60  4:32  Roach  
  62  4:39  Overlord  
  62  4:41  Drone  
  62  4:42  Drone x5  
  69  4:47  Overlord  
  69  4:49  Drone  
  69  4:50  Drone  
  69  4:52  Drone  
  72  4:56  Queen  
  72  4:59  Drone  
  75  5:02  Drone  
  75  5:03  Drone  
  75  5:04  Extractor  
  78  5:07  Roach  
  78  5:09  Roach  
  78  5:10  Roach  
  78  5:12  Roach  
  84  5:17  Roach x2  
  84  5:20  Roach  
  84  5:21  Roach  
Show
View Real Time Build Order
Export as new Build Order

Elazer Zerg - Winner!

Build Orders: Hatch First 

Get SALT Encoding   

  12  0:00  Drone  
  13  0:12  Overlord  
  13  0:16  Drone  
  14  0:30  Drone  
  14  0:31  Drone  
  16  0:48  Hatchery  
  15  0:51  Drone  
  15  0:55  Drone  
  17  1:09  Spawning Pool  
  16  1:12  Drone  
  16  1:14  Drone  
  16  1:18  Extractor  
  17  1:19  Drone  
  18  1:29  Drone  
  19  1:40  Drone  
  20  1:49  Drone  
  21  1:56  Extractor, Queen  
  21  2:00  Overlord, Queen  
  25  2:01  Drone  
  26  2:11  Drone x2  
  28  2:21  Drone  
  28  2:22  Drone  
  30  2:32  Queen  
  30  2:34  Drone x2  
  30  2:36  Lair  
  34  2:43  Evolution Chamber  
  33  2:46  Drone x2  
  35  2:51  Extractor  
  35  2:54  Overlord, Roach Warren  
  35  2:57  Drone  
  34  3:03  Drone  
  34  3:04  Drone  
  36  3:08  Zerg Missile Weapons Level 1  
  36  3:13  Drone x2  
  36  3:14  Drone  
  36  3:19  Overlord  
  39  3:22  Overlord  
  39  3:33  Glial Reconstitution  
  39  3:35  Roach x2  
  39  3:41  Roach  
  45  3:46  Roach  
  45  3:48  Roach  
  49  3:52  Roach  
  51  3:56  Overlord  
  51  4:01  Roach x2  
  55  4:09  Overlord  
  55  4:12  Roach  
  55  4:15  Hatchery  
  56  4:22  Roach x3  
  62  4:27  Overlord  
  62  4:29  Roach  
  64  4:32  Roach  
  66  4:41  Roach x2  
  66  4:44  Overlord  
  70  4:46  Roach  
  70  4:49  Roach  
  74  4:53  Roach  
  74  4:57  Roach  
  78  5:04  Roach  
  78  5:06  Queen  
  82  5:08  Roach  
  84  5:19  Roach  
  84  5:20  Roach  
Tags
 
Add a new tag
Caveats
  • Supply blocks, unpowered buildings, or Contaminate may cause inaccurate times.
  • Supply counts are checked every 10 seconds.